 Dungeon Crawl Stone Soup version 0.30-a0-953-g5f1da4a474 (webtiles) character file.

Game seed: 12950982839599207945

78 cforsyth the Trooper (level 4, 0/37 HPs)
             Began as a Formicid Fighter on Mar 28, 2023.
             Succumbed to a goblin's poison
             ... on level 3 of the Dungeon.
             The game lasted 00:01:33 (1633 turns).

cforsyth the Trooper (Formicid Fighter)             Turns: 1633, Time: 00:01:34

Health: 0/37       AC:  6    Str: 23    XL:     4   Next: 61%
Magic:  4/4        EV:  9    Int:  7    God:
Gold:   130        SH:  5    Dex: 13    Spells: 3/3 levels left

rFire   . . .      SeeInvis +    a - +0 flail
rCold   . . .      Faith    .    c - +0 buckler
rNeg    . . .      Spirit   .    b - +0 scale mail
rPois   .          Reflect  .    (helmet unavailable)
rElec   .          Rampage  .    (no cloak)
rCorr   .                        (no gloves)
Will    .....                    (no boots) Stlth
                                 (no amulet)
HPRegen 0.26/turn                (no ring)
MPRegen 0.09/turn                (no ring)

@: lethally poisoned (0 -> -16)
A: permanent stasis, dig shafts and tunnels, antennae 3, four strong arms
a: Dig, Shaft Self


You were on level 3 of the Dungeon.
You visited 1 branch of the dungeon, and saw 3 of its levels.

You collected 130 gold pieces.

Inventory:

Hand Weapons
 a - a +0 flail (weapon)
Armour
 b - a +0 scale mail (worn)
 c - a +0 buckler (worn)
Scrolls
 h - 2 scrolls of immolation {unknown}
 j - a scroll of enchant weapon {unknown}
 k - a scroll of teleportation {unknown}
 l - 2 scrolls of blinking {unknown}
 m - a scroll of amnesia {unknown}
Potions
 d - a potion of might
 e - a potion of attraction {unknown}
 f - a potion of berserk rage {unknown}
 g - a potion of cancellation {unknown}
 i - a potion of heal wounds
 n - a potion of mutation {unknown}
 o - a potion of magic {unknown}


   Skills:
 + Level 4.1 Fighting
 * Level 3.8 Maces & Flails
 - Level 3.2 Armour
 - Level 4.0 Shields


You had 3 spell levels left.
You didn't know any spells.
Your spell library was empty.

Dungeon Overview and Level Annotations

Branches:
Dungeon (3/15)

Altars:

Shops:
D:2 ?

Annotations:
D:3 Robin


Innate Abilities, Weirdness & Mutations

You cannot be hasted, slowed, berserked, paralysed or teleported.
You can dig through walls and to a lower floor.
You have a pair of large antennae on your head. (SInv)
Your four strong arms can wield two-handed weapons with a shield.


Message History

You are too injured to fight recklessly!
You are too injured to fight recklessly!
You are too injured to fight recklessly!
You are too injured to fight recklessly!
You are too injured to fight recklessly!
You are too injured to fight recklessly!
The goblin attacks as you move away! You block the goblin's attack.
The goblin unwields a +0 club.
The goblin wields a +0 sling.
The goblin shoots a sling bullet.
The sling bullet hits you but does no damage.
The goblin closely misses you. The goblin barely misses you.
Things that are here:
a +0 dagger; a goblin corpse Unknown command.
Robin throws the goblin at you!
* * * LOW HITPOINT WARNING * * *
The goblin hits you with a +0 dagger of venom.
* * * LOW HITPOINT WARNING * * *
You are lethally poisoned!
* * * LOW HITPOINT WARNING * * *
You feel very sick. You block the goblin's attack.
The goblin closely misses you.
Unknown command.
It was a potion of heal wounds.
You feel much better.
You feel sick. You block the goblin's attack.
The goblin hits you but does no damage. The goblin barely misses you.
The goblin attacks as you move away! The goblin hits you but does no damage.
You feel sick.
The goblin hits you with a +0 dagger of venom.
You are lethally poisoned!
The goblin closely misses you. The goblin attacks as you move away!
You block the goblin's attack.
* * * LOW HITPOINT WARNING * * *
You feel very sick. Robin throws the goblin at you!
You block the goblin's attack.
You see here an adder corpse.
The goblin attacks as you move away! The goblin hits you with a +0 club.
* * * LOW HITPOINT WARNING * * *
The goblin attacks as you move away! The goblin completely misses you.
You die...

### # .. #. .. ## #.
.# .#.# ...#.###.#
>#.#### #....#.#
.#..... #....@.#
.......
#.#..g†#####.......
#.....ggggg#....#
.........g.).....##.
........g..<).......
.............<....##
....................
................#..#
................# .#


You could see 2 goblins.

Vanquished Creatures
  3 adders
  A dart slug (D:1)
  6 endoplasms
  5 hobgoblins
  4 quokkas
  7 ball pythons
  3 bats
  A frilled lizard (D:1)
  10 goblins
  3 kobolds
  5 rats
48 creatures vanquished.

Notes
Turn   | Place    | Note
-------+----------+-------------------------------------------
     0 | D:1      | cforsyth the Formicid Fighter began the quest for the Orb.
     0 | D:1      | Reached XP level 1. HP: 18/18 MP: 1/1
   106 | D:1      | Reached XP level 2. HP: 24/24 MP: 2/2
   300 | D:1      | Reached XP level 3. HP: 18/30 MP: 3/3
   876 | D:2      | Found Hiari's Magic Scroll Boutique.
  1052 | D:2      | Reached XP level 4. HP: 20/37 MP: 4/4
  1618 | D:3      | Noticed Robin
  1633 | D:3      | Succumbed to a goblin's poison

Illustrated notes

Levels and vault maps discovered:
D:1:      roderic_crossed_star, layout_basic
D:2:      layout_rooms, serial_shops, nicolae_lakefront_shop,
          minmay_fountain_box, dreamdust_mushroom_princess, minmay_misc_feat_x
D:3:      layout_basic, nicolae_overflow_hidden_temple, gammafunk_ghost_grave,
          shapermc_ecumenical_altar_mp_ritualfount, uniq_terence, uniq_robin

Skill      XL: |  1  2  3  4 |
---------------+-------------+-----
Maces & Flails | 3 |  3.8
Fighting       | 4 |  4.1
Armour         | |  3.2
Shields        | |  4.0

Action                     |  1- 3 |  4- 6 || total
---------------------------+-------+-------++-------
  Melee: Flail             |    83 |    32 ||   115
    Use: Potion            |       |     1 ||     1
 Armour: Scale mail        |    27 |    35 ||    62
  Dodge: Dodged            |    42 |    34 ||    76
  Block: Buckler           |    20 |    24 ||    44

Table legend: (Time is in decaauts)
 A = Elapsed time spent in this place.
 B = Non-inter-level travel time spent in this place.
 C = Inter-level travel time spent in this place.
 D = Time resting spent in this place.
 E = Time spent auto-exploring this place.
 F = Levels seen in this place.
 G = Mean time per level.
                   A        B        C        D        E       F      G
               +--------+--------+--------+--------+--------+-----+--------+
         Total |   1664 |   1595 |     69 |      0 |   1309 |   3 |  554.7 |
       Dungeon |   1664 |   1595 |     69 |      0 |   1309 |   3 |  554.7 |
               +--------+--------+--------+--------+--------+-----+--------+

Top non-repeatable levels by time:
     D:2: 839 daAuts
     D:1: 801 daAuts
     D:3: 23 daAuts
